 Dungeon Crawl Stone Soup version 0.29.0-4-gdea44cf6ec (webtiles) character file.

Game seed: 12320973299454472356

59 qw the Chopper (level 4, 0/28 HPs)
             Began as a Gargoyle Berserker on Sept 4, 2022.
             Was a Believer of Trog.
             Slain by a gnoll
             ... wielding a +0 halberd
              (2 damage)
             ... on level 2 of the Dungeon.
             The game lasted 00:00:33 (1235 turns).

qw the Chopper (Gargoyle Berserker)                 Turns: 1235, Time: 00:00:33

Health: 0/28       AC: 14    Str: 22    XL:     4   Next: 3%
Magic:  4/4        EV:  6    Int:  8    God:    Trog [**....]
Gold:   71         SH:  0    Dex:  9    Spells: 3/3 levels left

rFire   . . .      SeeInvis .   Y - +0 hand axe
rCold   . . .      Faith    .   (no shield)
rNeg    + . .      Spirit   .   h - +0 plate armour
rPois   inf        Reflect  .   (no helmet)
rElec   +          Harm     .   (no cloak)
rCorr   .          Rampage  .   (no gloves)
Will    .....                   (no boots)
Stlth   ..........              (no amulet)
HPRegen 0.09/turn               (no ring)
MPRegen 0.09/turn               (no ring)

@: on berserk cooldown, slowed, very slow
A: sickness immunity, AC +3, negative energy resistance 1, electricity
resistance, torment resistance 1, petrification resistance
a: Renounce Religion, Berserk, Trog's Hand


You were on level 2 of the Dungeon.
You worshipped Trog.
Trog was pleased with you.
You visited 1 branch of the dungeon, and saw 2 of its levels.

You collected 71 gold pieces.


Innate Abilities, Weirdness & Mutations

You are immune to sickness and miasma.
Your stone body is resilient. (AC +3)
You are immune to poison.
You resist negative energy. (rN+)
You are resistant to electric shocks. (rElec)
You are resistant to unholy torment.
You are immune to petrification.


   Skills:
 - Level 3.2 Fighting
 + Level 4.3 Axes
 - Level 2.1 Armour
 - Level 1.5 Dodging


You had 3 spell levels left.
You didn't know any spells.
Your spell library was empty.

Inventory:

Hand Weapons
 i - a +0 mace
 Y - a +0 hand axe (weapon)
Armour
 h - a +0 plate armour (worn)
Potions
 a - a potion of heal wounds {unknown}
 c - a potion of haste {unknown}
 d - a potion of curing
 e - a potion of resistance {unknown}

Dungeon Overview and Level Annotations

Branches:
Dungeon (2/15)

Altars:


Message History

The gnoll hits you but does no damage.
You slash the gnoll!
You kill the gnoll!
Trog accepts your kill.
You have reached level 4!
You feel clever.
You start resting.
You feel a strong urge to attack something.
You feel your anger nearly subside.
You are no longer berserk.
You are exhausted.
You feel yourself slow down.
A gnoll comes into view. It is wielding a +0 halberd.
A gnoll comes into view. It is wielding a +0 club.
The gnoll shouts!
You hear a shout!
You see here a +0 halberd.
You hit the gnoll.
The gnoll is lightly wounded.
The gnoll hits you but does no damage. x2; The gnoll hits you with a +0 club.
The gnoll barely misses you.
You closely miss the gnoll.
The gnoll is lightly wounded.
The gnoll hits you but does no damage. x2
You hit the gnoll.
The gnoll is moderately wounded.
The gnoll closely misses you. The gnoll hits you with a +0 club.
The gnoll hits you but does no damage. x2
You slash the gnoll!
The gnoll is almost dead.
A gnoll comes into view. It is wielding a +0 club.
The gnoll barely misses you. The gnoll completely misses you.
The gnoll barely misses you. The gnoll hits you but does no damage.
You hit the gnoll but do no damage.
The gnoll is almost dead.
The gnoll hits you from afar with a +0 halberd!
The gnoll hits you with a +0 club.
You barely miss the gnoll.
The gnoll is almost dead.
You hit the gnoll. The gnoll hits you but does no damage.
The gnoll hits you from afar with a +0 halberd.
You die...

### ##### #... #...
#...###... #........
......... ...[..g.#
......gg# .......@#
........# #........#
........# #....)...#
......%.#+##........
.#######...#.......
#...#.....#
###...#.....#
#...........#
+.........>.#


You could see 3 gnolls.

Vanquished Creatures
  A gnoll (D:2)
  An adder (D:2)
  3 dart slugs
  2 ball pythons (D:2)
  5 endoplasms (D:1)
  2 giant cockroaches (D:1)
  2 goblins
  4 jackals (D:1)
  2 quokkas (D:1)
  6 bats (D:1)
  2 frilled lizards (D:1)
  A kobold (D:1)
  3 rats (D:1)
34 creatures vanquished.

Notes
Turn   | Place    | Note
-------+----------+-------------------------------------------
     0 | D:1      | qw the Gargoyle Berserker began the quest for the Orb.
     0 | D:1      | Reached XP level 1. HP: 14/14 MP: 1/1
     0 | D:1      | 0 ||| qw: Version: 0.1-a-103-gd6f5d3a
     0 | D:1      | 0 ||| qw: Game counter: 5461
     0 | D:1      | 0 ||| qw: Always use a shield: true
     0 | D:1      | 0 ||| qw: Do Orc after D:15 true
     0 | D:1      | 0 ||| qw: Do second Lair branch before Depths: true
     0 | D:1      | 0 ||| qw: Lair rune preference: random
     0 | D:1      | 0 ||| qw: Plans: Normal
     0 | D:1      | 0 ||| PLANNING D:1-11
   164 | D:1      | Reached skill level 3 in Axes
   173 | D:1      | 173 ||| Stepping ~*~*~tactically~*~*~ (stealth).
   186 | D:1      | Reached XP level 2. HP: 7/19 MP: 2/2
   186 | D:1      | 186 ||| INVOKING Berserk.
   203 | D:1      | 203 ||| Stepping ~*~*~tactically~*~*~ (stealth).
   205 | D:1      | 205 ||| Stepping ~*~*~tactically~*~*~ (stealth).
   231 | D:1      | 231 ||| Stepping ~*~*~tactically~*~*~ (stealth).
   254 | D:1      | 254 ||| Stepping ~*~*~tactically~*~*~ (stealth).
   267 | D:1      | 267 ||| Stepping ~*~*~tactically~*~*~ (stealth).
   272 | D:1      | 272 ||| Stepping ~*~*~tactically~*~*~ (stealth).
   656 | D:1      | Reached XP level 3. HP: 23/23 MP: 3/3
   714 | D:1      | Reached ** piety under Trog
   780 | D:1      | You fall into a shaft and drop 1 floor!
   830 | D:2      | 830 ||| UPGRADING to +0 scale mail.
   840 | D:2      | 840 ||| DROPPING +0 animal skin.
   841 | D:2      | 841 ||| UPGRADING to +0 plate armour.
   851 | D:2      | 851 ||| DROPPING +0 scale mail.
   852 | D:2      | 852 ||| READING scroll labelled YSHRAIX ETU.
   853 | D:2      | 853 ||| READING scroll labelled TOCWEMINIR.
   854 | D:2      | 854 ||| DRINKING 2 dark potions.
   882 | D:1      | Reached skill level 4 in Axes
  1047 | D:1      | Found a faded altar of an unknown god.
  1210 | D:2      | 1210 ||| Stepping ~*~*~tactically~*~*~ (hiding).
  1218 | D:2      | 1218 ||| INVOKING Berserk.
  1223 | D:2      | Reached XP level 4. HP: 28/28 MP: 4/4
  1234 | D:2      | HP: 3/28 [gnoll/+0 halberd (11)]
  1234 | D:2      | HP: 1/28 [gnoll/+0 club (2)]
  1235 | D:2      | Slain by a gnoll

Levels and vault maps discovered:
D:1:      elethiomel_arrival_quiet, layout_basic,
          shapermc_ecumenical_altar_petra, minmay_small_reverse_x
D:2:      layout_basic

Skill      XL: |  1  2  3 |
---------------+----------+-----
Axes           | 3 4 |  4.3
Fighting       | |  3.2
Armour         | |  2.1
Dodging        | |  1.5

Action                   |  1- 3 |  4- 6 || total
-------------------------+-------+-------++-------
Melee: Hand axe          |    93 |     6 ||    99
Invok: Berserk           |     2 |       ||     2
  Use: Scroll            |     2 |       ||     2
       Potion            |     1 |       ||     1
Armor: Animal skin       |    31 |       ||    31
       Plate armour      |    17 |     8 ||    25
Dodge: Dodged            |    56 |     5 ||    61

Table legend:
 A = Non-vault XP
 B = Vault XP
 C = Vault XP percentage of total XP
 D = Non-vault monster count
 E = Vault monster count
 F = Vault count percentage of total count
                 A         B        C        D         E       F
            +---------+---------+-------+---------+---------+-------
      Total |      77 |       8 |   9.4 |      30 |       4 |  11.8
            +---------+---------+-------+---------+---------+-------
        D:1 |      41 |       8 |  16.3 |      24 |       4 |  14.3
        D:2 |      36 |       0 |   0.0 |       6 |       0 |   0.0
            +---------+---------+-------+---------+---------+-------
